 Dungeon Crawl Stone Soup version 0.29.1-2-gbd0b4ee654 (webtiles) character file.

Game seed: 16381381654999720127

10 jamestheduck25 the Vexing (level 2, 0/11 HPs)
             Began as a Felid Enchanter on Nov 16, 2022.
             Slain by a jackal (1 damage)
             ... on level 1 of the Dungeon.
             The game lasted 00:00:42 (683 turns).

jamestheduck25 the Vexing (Felid Enchanter)          Turns: 683, Time: 00:00:42

Health: 0/11       AC:  1    Str:  4    XL:     2   Next: 10%
Magic:  6/6        EV: 17    Int: 16    God:
Gold:   0          SH:  0    Dex: 16    Spells: 5/5 levels left
                                        Lives:  0   Deaths: 0

rFire   . . .      SeeInvis +     - Unarmed
rCold   . . .      Faith    .   (shield unavailable)
rNeg    . . .      Spirit   .   (body armour unavailable)
rPois   .          Reflect  .   (helmet unavailable)
rElec   .          Harm     .   (cloak unavailable)
rCorr   .          Rampage  .   (gloves unavailable)
Will    .....                   (boots unavailable)
Stlth   +++.......              (no amulet)
HPRegen 0.03/turn               (no ring)
MPRegen 0.10/turn               (no ring)

@: quick
A: very small, claws 1, fangs 3, see invisible, speed 1, shaggy fur 1, stealthy
paws, no weapons or thrown items, no armour, multi-lived
a: no special abilities


You were on level 1 of the Dungeon.
You visited 1 branch of the dungeon, and saw 1 of its levels.

Inventory:

Scrolls
 b - a scroll of blinking {unknown}
Potions
 a - 2 potions of invisibility
 c - a potion of curing {unknown}
 d - a potion of heal wounds {unknown}


   Skills:
 + Level 2.9 Dodging
 + Level 4.2 Stealth
 + Level 1.2 Unarmed Combat
 + Level 2.1 Spellcasting
 + Level 4.6 Hexes


You had 5 spell levels left.
You didn't know any spells.
Your spell library contained the following spells:

 Spells                   Type           Power      Damage    Failure   Level
 Confusing Touch          Hex            16%        N/A       10%         3
 Tukima's Dance           Hex            16%        N/A       10%         3
 Ensorcelled Hibernation  Hex/Ice        18%        N/A       12%         2
 Dazzling Flash           Conj/Hex       18%        N/A       24%         3


Dungeon Overview and Level Annotations

Branches:
Dungeon (1/15)

Altars:


Innate Abilities, Weirdness & Mutations

You have sharp claws.
You have razor-sharp teeth.
You have supernaturally acute eyesight. (SInv)
You cover ground quickly. (Speed+)
You are covered in fur. (AC +1)
Your paws help you pounce on unaware monsters.
You are incapable of wielding weapons or throwing items.
You cannot wear armour.
You gain extra lives every three experience levels.


Message History

The jackal is almost dead.
The jackal barely misses you. The jackal completely misses you.
You barely miss the jackal.
The jackal is almost dead.
The jackal misses you. The jackal completely misses you.
The jackal closely misses you. The jackal misses you.
You closely miss the jackal. Your bite misses the jackal.
The jackal barely misses you. The jackal misses you.
The jackal barely misses you. The jackal misses you. The jackal bites you.
You closely miss the jackal. The jackal closely misses you.
The jackal bites you but does no damage.
The jackal barely misses you.
You scratch the jackal.
You kill the jackal!
The jackal misses you. The jackal barely misses you.
The jackal closely misses you. The jackal barely misses you.
You have reached level 2!
You closely miss the jackal. The jackal completely misses you. x2
The jackal barely misses you. The jackal completely misses you.
You scratch the jackal.
The jackal is severely wounded.
The jackal closely misses you. The jackal barely misses you.
The jackal bites you but does no damage.
The jackal misses you.
You scratch the jackal but do no damage.
The jackal is severely wounded.
The jackal bites you.
* * * LOW HITPOINT WARNING * * *
The jackal closely misses you. x2; The jackal completely misses you.
You scratch the jackal.
You kill the jackal!
The jackal misses you.
The jackal bites you but does no damage.
The jackal bites you.
* * * LOW HITPOINT WARNING * * *
You scratch the jackal but do no damage.
You bite the jackal.
The jackal is moderately wounded.
The jackal bites you.
You die...

#.#.# #.#.# #
#.#.#.# ##.#.#.##
+.......# ##.#.####
. #.#)# ####...
#†#.###h......
#######.#...@.......
#.......#####h...[..
#......†# .......
##.......# .......
.........# .......
........## .......
........#####
.......
............#
.......
##..........#


You could see 2 jackals.

Vanquished Creatures
  A ball python (D:1)
  A giant cockroach (D:1)
  2 jackals (D:1)
  2 bats (D:1)
  2 frilled lizards (D:1)
  A goblin (D:1)
  A rat (D:1)
10 creatures vanquished.

Vanquished Creatures (others)
  3 toadstools (D:1)
3 creatures vanquished.

Grand Total: 13 creatures vanquished

Notes
Turn   | Place    | Note
-------+----------+-------------------------------------------
     0 | D:1      | jamestheduck25 the Felid Enchanter began the quest for the
                  | Orb.
     0 | D:1      | Reached XP level 1. HP: 7/7 MP: 4/4
   679 | D:1      | Reached XP level 2. HP: 6/11 MP: 6/6
   683 | D:1      | Slain by a jackal

Illustrated notes

Levels and vault maps discovered:
D:1:      ebering_hopf_link, layout_basic, ebering_ecumenical_altar_mist,
          nicolae_concentric_dashed_squares_mild, minmay_gold_behind_fungi

Action                   || total
-------------------------++-------
Melee: Unarmed           ||    34
       Bite              ||     2
 Stab: Sleeping          ||     1
Armor: Skin              ||     7
Dodge: Dodged            ||    44
